 Dungeon Crawl Stone Soup version 0.29.1-4-g47bece8355 (webtiles) character file.

Game seed: 16065944803174618392

113 DoIIoM the Caller (level 4, -1/27 HPs)
             Began as an Octopode Summoner on Dec 3, 2022.
             Slain by a white imp (2 damage)
             ... on level 7 of the Dungeon.
             The game lasted 00:06:54 (2822 turns).

DoIIoM the Caller (Octopode Summoner)               Turns: 2822, Time: 00:06:54

Health: -1/27      AC:  5    Str:  4 (7)  XL:     4   Next: 96%
Magic:  6/8        EV: 13    Int: 19      God:
Gold:   83         SH:  0    Dex:  9 (12) Spells: 7/9 levels left

rFire   . . .      SeeInvis .   c - +0 dagger
rCold   . . .      Faith    .   (no shield)
rNeg    . . .      Spirit   .   (helmet restricted)
rPois   .          Reflect  .   (no amulet)
rElec   .          Harm     .   b - +4 ring of protection
rCorr   .          Rampage  .   (no ring)
Will    .....                   (no ring)
Stlth   +++.......              (no ring)
HPRegen 0.09/turn               (no ring)
MPRegen 0.11/turn               (no ring)
                                (no ring)
                                (no ring)

@: no status effects
A: almost no armour, amphibious, 8 rings, camouflage 1, gelatinous body 1,
(nimble swimmer 1), tentacles
a: no special abilities


You were on level 7 of the Dungeon.
You visited 1 branch of the dungeon, and saw 6 of its levels.

You collected 83 gold pieces.

Inventory:

Hand Weapons
 c - a +0 dagger (weapon)
Jewellery
 b - a +4 ring of protection (left tentacle)
Scrolls
 g - a scroll of vulnerability
Potions
 a - a potion of magic
 j - a potion of might {unknown}


   Skills:
 - Level 2.0 Dodging
 + Level 4.5 Stealth
 + Level 3.0 Spellcasting
 + Level 4.8 Summonings


You had 7 spell levels left.
You knew the following spells:

 Your Spells              Type           Power      Damage    Failure   Level
b - Call Imp              Summ           21%        N/A       3%          2

Your spell library contained the following spells:

 Spells                   Type           Power      Damage    Failure   Level
 Summon Small Mammal      Summ           84%        N/A       1%          1
 Call Canine Familiar     Summ           21%        N/A       6%          3
 Summon Guardian Golem    Hex/Summ       12%        N/A       17%         3
 Gell's Gravitas          Tloc           2%         N/A       41%         3
 Lesser Beckoning         Tloc           2%         N/A       41%         3
 Teleport Other           Tloc           2%         N/A       41%         3
 Summon Lightning Spire   Summ/Air       12%        N/A       50%         4


Dungeon Overview and Level Annotations

Branches:
Dungeon (7/15)
 Temple: D:4-7

Altars:
Makhleb
Qazlal

Shops:
D:5 (

Annotations:
D:2 Sigmund


Innate Abilities, Weirdness & Mutations

You cannot wear most types of armour.
You are amphibious.
You can wear up to eight rings at the same time.
Your skin changes colour to match your surroundings (Stealth+).
Your rubbery body absorbs attacks. (AC +1, EV +1)
((You are camouflaged when in or above water. (Stealth+)))
You have tentacles for arms and can constrict up to eight enemies at once.


Message History

The phantom attacks as you move away!
The phantom hits you but does no damage.
The phantom attacks as you move away!
The phantom hits you but does no damage.
A scorpion comes into view.
A jelly comes into view.
You open the door. The phantom hits you.
The phantom blinks!
You blink.
The white imp shouts!
The white imp attacks as you move away!
The white imp hits you but does no damage.
The phantom attacks as you move away! The phantom misses you.
Found a stormy altar of Qazlal.
Found an escape hatch in the floor.
The phantom attacks as you move away! The phantom hits you.
The white imp attacks as you move away! The white imp closely misses you.
The phantom attacks as you move away! The phantom closely misses you.
There is an escape hatch in the floor here.
The white imp hits you but does no damage.
You slide downwards.
The hatch slams shut behind you.
Found 13 gold pieces and a scroll labelled XESEXT NIXOYST.
Casting: Call Imp (safe; 3% risk of failure)
Confirm with . or Enter, or press ? or * to list all spells.
A beastly little devil appears in a puff of frigid air.
Your white imp says, "Let's sow disruption!"
The white imp hits you but does no damage.
You hit the white imp but do no damage. Your grab misses the white imp.
The white imp hits you.
* * * LOW HITPOINT WARNING * * *
The white imp freezes you.
* * * LOW HITPOINT WARNING * * *
Your white imp barely misses the white imp.
Unknown command.
You feel better. The white imp hits you.
* * * LOW HITPOINT WARNING * * *
The white imp freezes you.
* * * LOW HITPOINT WARNING * * *
Your white imp closely misses the white imp.
The white imp attacks as you move away! The white imp hits you.
* * * LOW HITPOINT WARNING * * *
The white imp freezes you.
You die...

##########
#........#
#.......?#
#........#
#........+
#........#
#....5@..#
#...$5...#
##...#####
#...#
#...#
+....
#....
####.# .#


You could see a white imp (ally target) and a friendly white imp (summoned).

Vanquished Creatures
  An orc priest (D:3)
  2 adders
  2 orcs (D:3)
  An endoplasm (D:2)
  A goblin (D:1)
  2 hobgoblins
  2 jackals (D:2)
  A quokka (D:1)
  3 ball pythons
  4 bats
  5 frilled lizards
  4 kobolds (D:1)
  4 rats
32 creatures vanquished.

Vanquished Creatures (collateral kills)
  An orc wizard (D:2)
  2 orcs (D:3)
  An endoplasm (D:2)
  2 jackals (D:2)
6 creatures vanquished.

Grand Total: 38 creatures vanquished

Notes
Turn   | Place    | Note
-------+----------+-------------------------------------------
     0 | D:1      | DoIIoM the Octopode Summoner began the quest for the Orb.
     0 | D:1      | Reached XP level 1. HP: 11/11 MP: 3/3
   282 | D:1      | Found a faded altar of an unknown god.
   308 | D:1      | Reached XP level 2. HP: 17/17 MP: 5/5
   311 | D:1      | Learned a level 2 spell: Call Imp
  1283 | D:2      | Noticed Sigmund
  1409 | D:2      | Reached XP level 3. HP: 6/21 MP: 3/6
  2006 | D:3      | Reached XP level 4. HP: 27/27 MP: 6/8
  2013 | D:3      | Found a burning altar of Makhleb.
  2551 | D:3      | You fall into a shaft and drop 3 floors!
  2571 | D:6      | Noticed an ice beast
  2755 | D:6      | Noticed a phantom
  2764 | D:5      | Entered Level 5 of the Dungeon
  2764 | D:5      | Found Byoxteqa's Antique Weapon Shop.
  2784 | D:6      | Noticed an orc warrior
  2798 | D:6      | Noticed a scorpion
  2807 | D:6      | Found a stormy altar of Qazlal.
  2822 | D:7      | HP: 1/27 [white imp (3)]
  2822 | D:7      | Slain by a white imp

Illustrated notes

Levels and vault maps discovered:
D:1:      dpeg_arrival_shelter, layout_loops_corners,
          shapermc_ecumenical_altar_notcrosses, st_stairs_1,
          hangedman_abyss_or_decor_stabs, minmay_tromino_v4_b
D:2:      layout_loops_ring, uniq_sigmund
D:3:      layout_loops_corners, overflow_temple_1_default
D:5:      layout_loops_ring, serial_shops, nicolae_take_the_stairs,
          solitary_fountain
D:6:      nicolae_cairo_tiling, layout_basic, nicolae_qazlal_general_emergency,
          temple_green
D:7:      layout_basic, uniq_menkaure

Skill      XL: |  1  2  3  4 |
---------------+-------------+-----
Stealth        | 3 4 |  4.5
Spellcasting   | 3 |  3.0
Dodging        | |  2.0
Summonings     | |  4.8

Action                   |  1- 3 |  4- 6 || total
-------------------------+-------+-------++-------
Melee: Unarmed           |     9 |       ||     9
       Dagger            |    57 |    34 ||    91
       Constrict         |    12 |     3 ||    15
       Tentacles         |    13 |     4 ||    17
       Punch             |     1 |     1 ||     2
 Cast: Call Imp          |     3 |     3 ||     6
  Use: Scroll            |     1 |     4 ||     5
       Potion            |       |     4 ||     4
 Stab: Sleeping          |    13 |     3 ||    16
Armor: Skin              |    13 |    24 ||    37
Dodge: Dodged            |    29 |    26 ||    55
